 Dungeon Crawl Stone Soup version 0.23-a0-143-g1adec7b (webtiles) character file.

77 KristoblXynda the Sneak (level 4, 0/21 HPs)
             Began as a Spriggan Enchanter on Sept 2, 2018.
             Slain by a gnoll
             ... wielding a +0 spear
              (1 damage)
             ... on level 2 of the Dungeon.
             The game lasted 00:03:43 (1533 turns).

KristoblXynda the Sneak (Spriggan Enchanter)        Turns: 1533, Time: 00:03:43

Health: 0/21       AC:  2    Str:  5    XL:     4   Next: 14%
Magic:  7/10       EV: 18    Int: 16    God:
Gold:   39         SH:  0    Dex: 16    Spells: 4/10 levels left

rFire    . . .     SeeInvis +   i - +1 dagger (venom)
rCold    . . .     Gourm    .   (shield restricted)
rNeg     . . .     Faith    .   b - +0 robe
rPois    .         Spirit   .   (helmet restricted)
rElec    .         Reflect  .   (no cloak)
rCorr    +         Harm     .   (gloves unavailable)
MR       .....                  (boots unavailable)
Stlth    +++.......             (no amulet)
HPRegen  0.07/turn              e - ring of resist corrosion
MPRegen  0.12/turn              (no ring)

@: very quick
A: very small, unfitting armour, see invisible, herbivore, speed 3, slow
metabolism 2
a: no special abilities


You were on level 2 of the Dungeon.
You were not hungry.

You visited 1 branch of the dungeon, and saw 2 of its levels.

You collected 39 gold pieces.

Inventory:

Hand Weapons
 i - a +1 dagger of venom (weapon)
Missiles
 a - a throwing net (quivered)
Armour
 b - a +0 robe (worn)
Jewellery
 e - a ring of resist corrosion (left hand)
Scrolls
 c - a scroll of remove curse
 f - a scroll of immolation
 g - a scroll of enchant armour {unknown}
 h - a scroll of fear {unknown}
 j - a scroll of blinking {unknown}
Comestibles
 d - 5 rations


   Skills:
 - Level 1.1 Short Blades
 - Level 3.0 Dodging
 + Level 5.7 Stealth
 + Level 3.9 Spellcasting
 + Level 4.5 Hexes


You had 4 spell levels left.
You knew the following spells:

 Your Spells              Type           Power        Failure   Level  Hunger
a - Corona                Hex            ###....      2%          1    None
b - Ensorcelled Hibernat  Hex/Ice        ##....       10%         2    ##.....
c - Confuse               Hex            ###.....     8%          3    ###....

Your spell library contained the following spells:

 Spells                   Type           Power        Failure   Level  Hunger
 Tukima's Dance           Hex            ###.....     8%          3    ###....
 Dazzling Spray           Conj/Hex       ##....       21%         3    ###....


Dungeon Overview and Level Annotations

Branches:
Dungeon (2/15)

Altars:
Ru


Innate Abilities, Weirdness & Mutations

You are very small and have problems with some larger weapons.
You are too small for most types of armour.
You have supernaturally acute eyesight. (SInv)
You are a herbivore.
You cover ground extremely quickly.
You need to consume almost no food.


Message History

The gnoll resists with some effort.
The gnoll misses you.
You hit the gnoll.
The gnoll is poisoned.
The gnoll is lightly wounded.
The gnoll hits you with a flail.
You hit the gnoll.
The gnoll looks as sick as possible!
The gnoll is moderately wounded.
The gnoll hits you with a flail!
Ouch! That really hurt!
* * * LOW HITPOINT WARNING * * *
You see here a throwing net.
a - a throwing net You kill the gnoll!
You have reached level 4!
The rat bites you but does no damage.
Things that are here:
a flail; a gnoll corpse You hit the rat but do no damage.
The rat is poisoned.
The rat completely misses you.
The gnoll hits you from afar with a spear.
You die...

..'.........+
#$........#
#.......#
##.....##
##...## ##g##
#g# #r#
##@######
##.......#
#.....##.####
##...........
#.
#...###.####
....##...###.#
#...........#
..####.######
#.#


You could see 2 gnolls and a rat.

Vanquished Creatures
  Natasha (D:2)
  A gnoll (D:2)
  2 dart slugs (D:1)
  A leopard gecko (D:1)
  4 bats (D:1)
  4 goblins
  9 hobgoblins
  4 jackals (D:1)
  5 kobolds
  2 frilled lizards
33 creatures vanquished.

Notes
Turn   | Place    | Note
-------+----------+-------------------------------------------
     0 | D:1      | KristoblXynda the Spriggan Enchanter began the quest for
                  | the Orb.
     0 | D:1      | Reached XP level 1. HP: 9/9 MP: 5/5
   349 | D:1      | Reached XP level 2. HP: 12/13 MP: 7/7
   368 | D:1      | Learned a level 2 spell: Ensorcelled Hibernation
   426 | D:1      | Reached skill level 5 in Stealth
   733 | D:1      | Reached XP level 3. HP: 8/16 MP: 8/8
  1279 | D:2      | Noticed Natasha
  1287 | D:2      | Killed Natasha
  1292 | D:2      | Learned a level 3 spell: Confuse
  1430 | D:2      | Found a sacrificial altar of Ru.
  1530 | D:2      | Reached XP level 4. HP: 1/21 MP: 7/10
  1533 | D:2      | Slain by a gnoll

Vault maps used:
D:1:      dpeg_arrival_prison
D:2:      nicolae_ru_awakened_eye, minmay_misc_feat_more_columns, uniq_natasha

Skill      XL: |  1  2 |
---------------+-------+-----
Spellcasting   | 3 |  3.9
Hexes          | 4 |  4.5
Stealth        | 5 |  5.7
Short Blades   | |  1.1
Dodging        | |  3.0

Action                   |  1- 3 |  4- 6 || total
-------------------------+-------+-------++-------
Melee: Dagger            |    89 |     1 ||    90
 Cast: Ensorcelled Hiber |    11 |       ||    11
  Use: Scroll            |     2 |       ||     2
 Stab: Sleeping          |    15 |       ||    15
       Distracted        |     1 |       ||     1
Armor: Robe              |    14 |     1 ||    15
Dodge: Dodged            |    68 |     1 ||    69

Table legend:
 A = Non-vault XP
 B = Vault XP
 C = Vault XP percentage of total XP
 D = Non-vault monster count
 E = Vault monster count
 F = Vault count percentage of total count
                 A         B        C        D         E       F
            +---------+---------+-------+---------+---------+-------
      Total |      75 |      36 |  32.4 |      32 |       1 |   3.0
            +---------+---------+-------+---------+---------+-------
        D:1 |      49 |       0 |   0.0 |      25 |       0 |   0.0
        D:2 |      26 |      36 |  58.1 |       7 |       1 |  12.5
            +---------+---------+-------+---------+---------+-------
